 Dungeon Crawl Stone Soup version 0.22-a0-580-gd5db89c09a (webtiles) character file.

131 D1HalberdGnoll the Insei (level 5, -10/39 HPs)
             Began as a Merfolk Transmuter on July 2, 2018.
             Mangled by an ogre
             ... wielding a +0 giant club
              (29 damage)
             ... on level 4 of the Dungeon.
             The game lasted 00:04:45 (3636 turns).

D1HalberdGnoll the Insei (Merfolk Transmuter)       Turns: 3636, Time: 00:04:46

Health: -10/39     AC:  2    Str: 11    XL:     5   Next: 14%
Magic:  4/8        EV: 14    Int: 13    God:
Gold:   250        SH:  0    Dex: 14    Spells: 2/8 levels left

rFire    . . .     SeeInvis .     - Unarmed
rCold    . . .     Gourm    .   (no shield)
rNeg     . . .     Faith    .   b - +0 robe
rPois    .         Spirit   .   (no helmet)
rElec    .         Reflect  .   (no cloak)
rCorr    .         Harm     .   (no gloves)
MR       .....                  (no boots)
Stlth    +.........             (no amulet)
HPRegen  0.13/turn              (no ring)
MPRegen  0.11/turn              (no ring)

@: appendage, drained
A: change form in water, swift swim, stealthy swim, horns 2
a: End Transformation


You were on level 4 of the Dungeon.
You were very hungry.
You had grown temporary horns.
You visited 1 branch of the dungeon, and saw 4 of its levels.

You collected 250 gold pieces.

Inventory:

Missiles
 a - 54 arrows
Armour
 b - a +0 robe (worn)
 h - a +0 helmet
 r - the +4 pair of boots of Loecru {rElec rPois Str-5 Dex-2, unknown}
   (You found it on level 4 of the Dungeon)

   It affects your strength (-5).
   It affects your dexterity (-2).
   It insulates you from electricity.
   It protects you from poison.
Jewellery
 e - an uncursed ring of see invisible {unknown}
Wands
 q - a wand of scattershot (6)
Scrolls
 c - a scroll of teleportation {unknown}
 f - 4 scrolls of remove curse {unknown}
 g - 2 scrolls of immolation {unknown}
 j - a scroll of amnesia {unknown}
 k - 3 scrolls of enchant armour {unknown}
 l - a scroll of enchant weapon {unknown}
 m - a scroll of identify {unknown}
 o - a scroll of magic mapping {unknown}
 s - a scroll of fear {unknown}
Potions
 i - a potion of flight {unknown}
 n - 2 potions of agility {unknown}
 p - a potion of haste {unknown}
Comestibles
 d - 10 rations


   Skills:
 + Level 2.5(2.4) Fighting
 + Level 3.8(3.7) Dodging
 * Level 4.6(4.5) Unarmed Combat
 - Level 2.0(1.9) Spellcasting
 + Level 3.9(3.8) Transmutations


You had 2 spell levels left.
You knew the following spells:

 Your Spells              Type           Power        Failure   Level  Hunger
a - Beastly Appendage     Tmut           ##....       5%          1    ##.....
b - Sticks to Snakes      Tmut           ##......     8%          2    ###....
c - Spider Form           Tmut/Pois      #.........   34%         3    ####...

Your spell library contained the following spells:

 Spells                   Type           Power        Failure   Level  Hunger
 Blade Hands              Tmut           ##........   82%         5    ######.
 Ice Form                 Ice/Tmut       #.......     75%         4    #####..


Dungeon Overview and Level Annotations

Branches:
Dungeon (4/15)
 Temple: D:4-7

Altars:

Annotations:
D:1 exclusion: downstairs


Innate Abilities, Weirdness & Mutations

You revert to your normal form in water.
You are very nimble and swift while swimming.
You are very stealthy in the water. (Stealth+)
You have a pair of horns on your head.


Message History

The ogre closely misses you.
You hit the ogre. Your headbutt misses the ogre.
The ogre is moderately wounded.
Your adder bites the ogre.
The ogre hits you with a giant club!!
Ouch! That really hurt!
* * * LOW HITPOINT WARNING * * *
You are too injured to fight recklessly!
You are too injured to fight recklessly!
You swap places.
Your ball python bites the ogre.
Your adder barely misses the ogre.
Your adder bites the ogre.
Your ball python bites the ogre.
You swap places.
The ogre hits your ball python with a giant club.
Your ball python dies!
Your adder barely misses the ogre.
The ogre misses your adder.
You hit the ogre.
The ogre is severely wounded.
Your adder bites the ogre.
The ogre hits you with a giant club!!
Ouch! That really hurt!
You die...

...##≈≈..........≈≈##
....##≈§........≈≈####
....###≈§......§≈##..#
###.####≈≈≈..≈≈≈##...#
....#..####'§####....#
........###..### ....#
...#....##.....##....#
...#......<....SO....#
...#............@....#
...##..........##....#
...##...##.....# ....#
...##...##.....# .?..#
...##...##.....# ....+
.........#.....# ....#
.........#.....# ....#
.........+.....# ....#
################


You could see an ogre and a friendly adder.

Vanquished Creatures
  Robin (D:3)
  4 adders
  An ooze (D:2)
  A worm (D:2)
  A dart slug (D:1)
  A leopard gecko (D:4)
  2 orcs
  8 bats
  2 giant cockroaches (D:1)
  10 hobgoblins
  4 jackals (D:2)
  5 kobolds
  4 frilled lizards
  16 goblins
  12 rats
72 creatures vanquished.

Notes
Turn   | Place    | Note
-------+----------+-------------------------------------------
     0 | D:1      | D1HalberdGnoll the Merfolk Transmuter began the quest for the Orb.
     0 | D:1      | Reached XP level 1. HP: 15/15 MP: 3/3
   441 | D:1      | Reached XP level 2. HP: 15/21 MP: 3/5
   989 | D:1      | Reached XP level 3. HP: 23/27 MP: 4/6
  1212 | D:2      | Reached skill level 4 in Unarmed Combat
  1399 | D:2      | Reached XP level 4. HP: 12/33 MP: 5/7
  1914 | D:2      | Learned a level 2 spell: Sticks to Snakes
  3067 | D:3      | Noticed Robin
  3108 | D:3      | Killed Robin
  3112 | D:3      | Reached XP level 5. HP: 6/39 MP: 6/8
  3526 | D:3      | Learned a level 3 spell: Spider Form
  3586 | D:4      | Got a pair of smoking boots
  3624 | D:4      | Noticed an ogre
  3636 | D:4      | Mangled by an ogre

Vault maps used:
D:1:      dpeg_arrival_arbitrary_b
D:3:      cheibrodos_old_hovel, first_ration, kennysheep_potato, uniq_robin,
          uniq_crazy_yiuf_cottage
D:4:      old_standard_altar, kennysheep_another_room,
          kennysheep_big_empty_room, minmay_gold_behind_fungi, uniq_pikel,
          uniq_grinder

Skill      XL: |  1  2  3 |
---------------+----------+-----
Dodging        | 3 |  3.8
Transmutations | 3 |  3.9
Unarmed Combat | 4 |  4.6
Fighting       | 2 |  2.5
Spellcasting   | |  2.0

Action                   |  1- 3 |  4- 6 || total
-------------------------+-------+-------++-------
Melee: Unarmed           |   141 |    91 ||   232
       Headbutt          |    11 |    18 ||    29
       Punch             |     3 |     2 ||     5
 Cast: Beastly Appendage |    23 |    16 ||    39
       Spider Form       |       |     2 ||     2
       Sticks to Snakes  |       |     2 ||     2
  Use: Potion            |       |     3 ||     3
  Eat: Chunk             |     2 |     7 ||     9
Armor: Robe              |    34 |     6 ||    40
Dodge: Dodged            |   133 |    50 ||   183

Table legend:
 A = Spawn XP
 B = Non-spawn XP
 C = Spawn XP percentage of total XP
 D = Spawn monster count
 E = Non-spawn monster count
 F = Spawn count percentage of total count
 G = Total turns spent on level
                    A         B        C        D         E        F      G
               +---------+---------+-------+---------+---------+-------+---------
         Total |       0 |     188 |   0.0 |       0 |      72 |   0.0 |  3636
               +---------+---------+-------+---------+---------+-------+---------
           D:1 |       0 |      37 |   0.0 |       0 |      23 |   0.0 |  1098
           D:2 |       0 |      65 |   0.0 |       0 |      22 |   0.0 |  1112
           D:3 |       0 |      67 |   0.0 |       0 |      24 |   0.0 |  1308
           D:4 |       0 |      19 |   0.0 |       0 |       3 |   0.0 |   118
               +---------+---------+-------+---------+---------+-------+---------
